 Dungeon Crawl Stone Soup version 0.29-a0-902-g0f71de6fce (webtiles) character file.

Game seed: 1261317210389022541

16 greasedhog the Cudgeller (level 2, -8/19 HPs)
             Began as a Gargoyle Monk on July 25, 2022.
             Mangled by a gnoll
             ... wielding a +0 whip
              (9 damage)
             ... on level 1 of the Dungeon.
             The game lasted 00:00:47 (614 turns).

greasedhog the Cudgeller (Gargoyle Monk)             Turns: 614, Time: 00:00:48

Health: -8/19      AC:  5    Str: 14    XL:     2   Next: 58%
Magic:  2/2        EV: 12    Int: 10    God:
Gold:   0          SH:  0    Dex: 12    Spells: 1/1 levels left

rFire   . . .      SeeInvis .   a - +0 mace
rCold   . . .      Faith    .   (no shield)
rNeg    + . .      Spirit   .   b - +0 robe
rPois   ∞          Reflect  .   (no helmet)
rElec   +          Harm     .   g - +0 cloak
rCorr   .          Rampage  .   (no gloves)
Will    .....                   (no boots)
Stlth   ++........              (no amulet)
HPRegen 0.06/turn               (no ring)
MPRegen 0.08/turn               (no ring)

@: no status effects
A: sickness immunity, AC +2, negative energy resistance 1, electricity
resistance, torment resistance 1, petrification resistance
a: no special abilities


You were on level 1 of the Dungeon.
You visited 1 branch of the dungeon, and saw 1 of its levels.

Inventory:

Hand Weapons
 a - a +0 mace (weapon)
Armour
 b - a +0 robe (worn)
 g - a +0 cloak (worn)
Scrolls
 e - a scroll of acquirement {unknown}
 f - a scroll of vulnerability {unknown}
Potions
 c - a potion of ambrosia
 d - a potion of curing {unknown}


   Skills:
 - Level 3.2 Fighting
 * Level 3.4 Maces & Flails
 * Level 2.8 Dodging
 - Level 2.1 Stealth


You had one spell level left.
You didn't know any spells.
Your spell library was empty.

Dungeon Overview and Level Annotations

Branches:
Dungeon (1/15)

Altars:


Innate Abilities, Weirdness & Mutations

You are immune to sickness and miasma.
Your stone body is resilient. (AC +2)
You are immune to poison.
You resist negative energy. (rN+)
You are resistant to electric shocks. (rElec)
You are resistant to unholy torment.
You are immune to petrification.


Message History

You completely miss the bat. The bat barely misses you.
The bat hits you but does no damage.
You miss the bat. The bat hits you but does no damage.
The bat barely misses you. The bat closely misses you.
The endoplasm quivers.
You hit the bat.
The bat is moderately wounded.
The bat hits you.
A goblin comes into view. It is wielding a +0 club.
You hit the bat.
You kill the bat!
You hit the goblin.
The goblin is almost dead.
The goblin closely misses you.
You closely miss the goblin.
The goblin is almost dead.
The goblin hits you with a +0 club.
You hit the goblin.
You kill the goblin!
The gnoll barely misses you.
You barely miss the gnoll. The gnoll closely misses you.
You barely miss the gnoll. The gnoll barely misses you.
You closely miss the gnoll.
A quokka comes into view.
The gnoll closely misses you.
You hit the gnoll but do no damage. The gnoll hits you with a +0 whip. x2
You hit the gnoll.
The gnoll is lightly wounded.
The gnoll barely misses you.
You hit the gnoll.
The gnoll is lightly wounded.
The gnoll closely misses you.
You barely miss the gnoll.
The gnoll is lightly wounded.
The gnoll hits you with a +0 whip.
* * * LOW HITPOINT WARNING * * *
You hit the gnoll.
The gnoll is moderately wounded.
The gnoll hits you with a +0 whip!
You die...

.....#...........##.#.# #
##.......####..### .#.#.#
.#.......# #..# .....##
.........# #..####.......
.#.......# #............#
##.......# #...Jr.g......
.........#####.#g###...##.
##..†..........#g# ..##
##.#.)########.#@# ##
##.#..# #..#.# ##.#..####
#.# #.# #.#.....# #.. ##
##.#.###.# # #....# #
.....# #...## ##.##


You could see a gnoll, an endoplasm, a quokka and a goblin.

Vanquished Creatures
  An endoplasm (D:1)
  3 goblins (D:1)
  A hobgoblin (D:1)
  A quokka (D:1)
  6 bats (D:1)
  2 frilled lizards (D:1)
  A kobold (D:1)
  2 rats (D:1)
17 creatures vanquished.

Notes
Turn   | Place    | Note
-------+----------+-------------------------------------------
     0 | D:1      | greasedhog the Gargoyle Monk began the quest for the Orb.
     0 | D:1      | Reached XP level 1. HP: 14/14 MP: 1/1
   348 | D:1      | Reached XP level 2. HP: 19/19 MP: 2/2
   614 | D:1      | Mangled by a gnoll

Illustrated notes

Levels and vault maps discovered:
D:1:      kennysheep_arrival_forest, layout_loops_ring,
          shapermc_ecumenical_altar_gd, hangedman_feature_mirror,
          wad_floor_pattern_1

Action                   || total
-------------------------++-------
Melee: Mace              ||    60
 Stab: Sleeping          ||     3
Armor: Robe              ||    22
Dodge: Dodged            ||    53

Table legend: (Time is in decaauts)
 A = Elapsed time spent in this place.
 B = Non-inter-level travel time spent in this place.
 C = Inter-level travel time spent in this place.
 D = Time resting spent in this place.
 E = Time spent auto-exploring this place.
 F = Levels seen in this place.
 G = Mean time per level.
                   A        B        C        D        E       F      G
               +--------+--------+--------+--------+--------+-----+--------+
         Total |    627 |    627 |      0 |      0 |    480 |   1 |  627.0 |
       Dungeon |    627 |    627 |      0 |      0 |    480 |   1 |  627.0 |
               +--------+--------+--------+--------+--------+-----+--------+

Top non-repeatable levels by time:
     D:1: 627 daAuts
